 Dungeon Crawl Stone Soup version 0.25.0-26-g0c896c7088 (webtiles) character file.

Game seed: 16195204015905398277

193 xccam the Cutter (level 5, -2/34 HPs)
             Began as an Octopode Assassin on July 2, 2020.
             Slain by a phantom (8 damage)
             ... on level 4 of the Dungeon.
             The game lasted 00:02:26 (2852 turns).

xccam the Cutter (Octopode Assassin)                Turns: 2852, Time: 00:02:27

Health: -2/34      AC:  1    Str: 11    XL:     5   Next: 72%
Magic:  5/5        EV: 13    Int: 13    God:
Gold:   196        SH:  0    Dex: 14    Spells: 4/4 levels left

rFire    . . .     SeeInvis .   a - +2 dagger
rCold    . . .     Gourm    .   (no shield)
rNeg     . . .     Faith    .   (helmet restricted)
rPois    .         Spirit   .   (no amulet)
rElec    .         Reflect  .   (no ring)
rCorr    .         Harm     .   (no ring)
MR       .....                  (no ring)
Stlth    ++++......             (no ring)
HPRegen  0.11/turn              (no ring)
MPRegen  0.09/turn              (no ring)
                                (no ring)
                                (no ring)

@: no status effects
A: almost no armour, stealthy swim, amphibious, 8 rings, constrict 8, camouflage
1, gelatinous body 1
a: no special abilities


You were on level 4 of the Dungeon.
You were not hungry.

You visited 1 branch of the dungeon, and saw 4 of its levels.

You collected 196 gold pieces.

Inventory:

Hand Weapons
 a - a +2 dagger (weapon)
Missiles
 b - 21 poisoned darts (quivered)
 c - 2 curare-tipped darts
Scrolls
 g - a scroll of noise {unknown}
 h - a scroll of amnesia {unknown}
 i - 2 scrolls of random uselessness {unknown}
 m - a scroll of immolation {unknown}
 n - a scroll of remove curse {unknown}
 o - a scroll of blinking {unknown}
 q - a scroll of identify {unknown}
Potions
 e - 3 potions of curing {unknown}
 f - a potion of mutation {unknown}
 k - a potion of heal wounds {unknown}
 l - a potion of haste {unknown}
 p - a potion of magic {unknown}
 r - a potion of brilliance {unknown}
Comestibles
 d - 6 rations


   Skills:
 - Level 2.0 Fighting
 + Level 5.7 Short Blades
 - Level 2.0 Throwing
 - Level 1.0 Dodging
 - Level 5.3 Stealth


You had 4 spell levels left.
You didn't know any spells.
Your spell library was empty.

Dungeon Overview and Level Annotations

Branches:
Dungeon (4/15)
 Temple: D:4-7

Altars:
Yredelemnul


Innate Abilities, Weirdness & Mutations

You cannot wear most types of armour.
You are very stealthy in the water. (Stealth+)
You are amphibious.
You can wear up to eight rings at the same time.
You can use your tentacles to constrict eight enemies at once.
Your skin changes colour to match your surroundings (Stealth+).
Your rubbery body absorbs attacks. (AC +1, EV +1)


Message History

You are too injured to fight recklessly!
You are too injured to fight recklessly!
You aren't carrying any items that you can evoke.
Okay, then.
You closely miss the phantom.
The phantom is severely damaged.
You closely miss the phantom.
The phantom is severely damaged.
The phantom closely misses you.
You closely miss the phantom.
The phantom is severely damaged.
The phantom hits you!
* * * LOW HITPOINT WARNING * * *
The phantom blinks!
You barely miss the phantom.
The phantom is severely damaged.
You hit the phantom.
The phantom is severely damaged.
The phantom hits you!
You die...

. # #. #.##. ##
.....### .. #.
...... .# #(
...# .#### #.
#.##.=$...
#.#####.@.......
#........W.#####
.####...#.######
.......#<#.#
.#...#.##
....>..#..#
......# ...#
####.# .#.# ##
##.#


You could see a phantom.

Vanquished Creatures
  A worker ant (D:3)
  3 gnolls (D:2)
  6 adders
  2 oozes
  A worm (D:2)
  2 leopard geckos
  6 orcs (D:3)
  3 ball pythons
  8 giant cockroaches
  6 hobgoblins
  4 jackals
  A quokka (D:2)
  5 bats
  6 frilled lizards
  2 gnoll zombies (D:2)
  5 goblins (D:1)
  4 kobolds
  5 rats
70 creatures vanquished.

Notes
Turn   | Place    | Note
-------+----------+-------------------------------------------
     0 | D:1      | xccam the Octopode Assassin began the quest for the Orb.
     0 | D:1      | Reached XP level 1. HP: 14/14 MP: 1/1
    70 | D:1      | Reached XP level 2. HP: 3/19 MP: 2/2
   364 | D:1      | You fall into a shaft and drop 1 floor!
   391 | D:2      | Reached XP level 3. HP: 18/24 MP: 3/3
   608 | D:2      | Reached XP level 4. HP: 23/29 MP: 4/4
  1384 | D:2      | Found a basalt altar of Yredelemnul.
  1944 | D:3      | Reached skill level 5 in Short Blades
  1944 | D:3      | Reached XP level 5. HP: 34/34 MP: 5/5
  2814 | D:4      | Noticed a phantom
  2852 | D:4      | Slain by a phantom

Illustrated notes

Levels and vault maps discovered:
D:1:      roderic_dead_forest, layout_basic
D:2:      layout_basic, lemuel_zombie_altar_yredelemnul
D:3:      minmay_chambers_of_twos, layout_basic, first_ration
D:4:      layout_loops_ring

Skill      XL: |  1  2  3  4 |
---------------+-------------+-----
Short Blades   | 3 4 5 |  5.7
Fighting       | |  2.0
Throwing       | |  2.0
Dodging        | |  1.0
Stealth        | |  5.3

Action                   |  1- 3 |  4- 6 || total
-------------------------+-------+-------++-------
Melee: Dagger            |    49 |   122 ||   171
       Constrict         |    16 |    25 ||    41
       Tentacles         |    10 |    22 ||    32
Throw: Dart              |     3 |       ||     3
 Stab: Sleeping          |     1 |    18 ||    19
  Eat: Chunk             |       |     6 ||     6
Armor: Skin              |     3 |     3 ||     6
Dodge: Dodged            |    24 |    63 ||    87
